 Dungeon Crawl Stone Soup version 0.31-a0-963-ga325b2283a (webtiles) character file.

Game seed: 14924789213062597482

184 sammy202020 the Covered (level 5, -1/48 HPs)
             Began as an Armataur Berserker on Oct 25, 2023.
             Was a Believer of Trog.
             Slain by a gnoll
             ... wielding a +0 club
              (7 damage)
             ... on level 2 of the Dungeon.
             The game lasted 00:03:07 (1963 turns).

sammy202020 the Covered (Armataur Berserker)        Turns: 1963, Time: 00:03:08

Health: -1/48      AC:  8    Str: 23    XL:     5   Next: 36%
Magic:  5/5        EV:  6    Int:  9    God:    Trog [**....]
Gold:   99         SH:  0    Dex:  9    Spells: 4/4 levels left

rFire   . . .        d - +0 flail
rCold   . . .        f - +0 buckler
rNeg    . . .        i - +0 chain mail
rPois   .            (no helmet)
rElec   .            (no cloak)
rCorr   .            (no gloves)
SInv    .            (no barding)
Will    .....        (no amulet) Stlth
                     (no ring)
HPRegen 0.28/turn    (no ring)
MPRegen 0.09/turn

%: roll
@: confused
A: large, rugged brown scales 3, deformed body, armoured tail, roll, long
tongue, awkward tongue
a: Renounce Religion, Berserk, Trog's Hand


You were on level 2 of the Dungeon.
You worshipped Trog.
Trog was pleased with you.
You visited 1 branch of the dungeon, and saw 3 of its levels.

You collected 99 gold pieces.

Inventory:

Hand Weapons
 a - a +0 mace
 d - a +0 flail (weapon)
Armour
 f - a +0 buckler (worn)
 h - a +0 ring mail
 i - a +0 chain mail (worn)
Scrolls
 c - a scroll of identify
 e - a scroll of enchant weapon
Potions
 b - a potion of brilliance


   Skills:
 * Level 3.5 Fighting
 * Level 3.5 Maces & Flails
 * Level 3.9 Armour
 + Level 1.9 Dodging
 * Level 2.1 Shields


You had 4 spell levels left.
You didn't know any spells.
Your spell library was empty.

Dungeon Overview and Level Annotations

Branches:
Dungeon (3/15)

Altars:

Annotations:
D:2 Sigmund


Innate Abilities, Weirdness & Mutations

You are completely covered in rugged brown scales. (AC +3, +7% HP)
Armour fits poorly on your strangely shaped body.
You have a long armoured tail.
You roll when moving toward enemies. (Rampage)
Your long tongue fully drains potion bottles. (2x potion effects)
Your tongue gives you trouble enunciating. (1.5x scroll delay)


Message History

There is a stone staircase leading up, spattered with blood here.
The quokka completely misses you. The gnoll hits you but does no damage.
The gnoll barely misses you. The gnoll hits you but does no damage.
The hobgoblin hits you but does no damage.
The rat barely misses you. You block the rat's attack.
Sigmund hits you with a +0 scythe.
* * * LOW HITPOINT WARNING * * *
The gnoll closely misses you. The quokka closely misses you.
You climb upwards.
There is a stone staircase leading down here.
You barely miss the rat. The gnoll hits you with a +0 club.
* * * LOW HITPOINT WARNING * * *
The quokka closely misses you. The rat bites you.
* * * LOW HITPOINT WARNING * * *
The rat bites you but does no damage. The gnoll hits you but does no damage.
Okay, then.
You feel better.
You slurp down every last drop of the potion of curing!
The gnoll hits you with a +0 club.
* * * LOW HITPOINT WARNING * * *
Sigmund casts a spell at you.
You are confused.
The quokka bites you but does no damage.
The rat bites you but does no damage. x2
The gnoll hits you but does no damage.
You're too confused to move!
The gnoll hits you but does no damage. The quokka barely misses you.
Sigmund gestures at you while chanting. You resist with some effort.
The rat bites you but does no damage. x2
The gnoll hits you with a +0 club.
* * * LOW HITPOINT WARNING * * *
You closely miss the rat. The quokka bites you.
* * * LOW HITPOINT WARNING * * *
The gnoll hits you but does no damage. Sigmund hits you with a +0 scythe.
* * * LOW HITPOINT WARNING * * *
The rat bites you but does no damage. The rat barely misses you.
The gnoll barely misses you.
The quokka bites you but does no damage.
The gnoll hits you with a +0 club!
You die...

#####.############.##.###.
#.........................
#####.##########.#.##.###. #.#
#.#.##.###. ####.# #.#.##.##..
#....# ### #.#.##.##..
#########....######.###.#.##.##..
...............rrrg.<............
#######......###@gg.........).#..
#...##.###@g#...#.#.###))..
#######...##.#.#..#.....#.##...##
.....................##......#.)#
#####.######.................##:.
#.# ###...............#.([ #.#
#.#..#..#..#.#....#. #.#
#.#..#..#....###.### #.#
#.#..#..##.#.# #....


You could see Sigmund, 3 gnolls, a quokka, a hobgoblin and 2 rats.

Vanquished Creatures
  An orc priest (D:3)
  Jessica (D:2)
  Terence (D:2)
  3 gnolls (D:2)
  2 adders (D:2)
  A worm (D:2)
  3 dart slugs (D:1)
  4 orcs
  4 endoplasms
  9 goblins
  3 hobgoblins
  A quokka (D:2)
  5 ball pythons (D:1)
  2 bats (D:1)
  A frilled lizard (D:2)
  2 kobolds (D:1)
  2 rats
45 creatures vanquished.

Notes
Turn   | Place    | Note
-------+----------+-------------------------------------------
     0 | D:1      | sammy202020 the Armataur Berserker began the quest for the
                  | Orb.
     0 | D:1      | Reached XP level 1. HP: 19/19 MP: 1/1
     6 | D:1      | Noticed an iguana
     6 | D:1      | Noticed a hound
     7 | D:1      | Noticed a black bear
     7 | D:1      | Noticed a water moccasin
   116 | D:1      | Reached XP level 2. HP: 26/26 MP: 2/2
   524 | D:1      | Reached ** piety under Trog
   545 | D:1      | Reached XP level 3. HP: 33/33 MP: 3/3
   792 | D:2      | Reached skill level 1 in Shields
   800 | D:2      | Reached XP level 4. HP: 14/40 MP: 4/4
  1072 | D:2      | Noticed Terence
  1078 | D:2      | Killed Terence
  1223 | D:2      | Noticed Jessica
  1229 | D:2      | Killed Jessica
  1605 | D:2      | Reached XP level 5. HP: 48/48 MP: 5/5
  1896 | D:3      | Noticed Sigmund
  1963 | D:2      | Slain by a gnoll

Illustrated notes

Levels and vault maps discovered:
D:1:      onia_arrival_zoo_common, layout_loops_ring, kennysheep_doodads,
          nrook_uturn, minmay_cupped
D:2:      layout_basic, minmay_tetromino_t4, uniq_terence, uniq_jessica
D:3:      layout_basic, chequers_temple_overflow_statue_of_worship,
          uniq_sigmund, uniq_crazy_yiuf_cottage

Skill      XL: |  1  2  3  4  5 |
---------------+----------------+-----
Armour         | 3 |  3.9
Fighting       | 3 |  3.5
Maces & Flails | 3 |  3.5
Shields        | 1 2 |  2.1
Dodging        | |  1.9

Action                     |  1- 3 |  4- 6 || total
---------------------------+-------+-------++-------
  Melee: Mace              |    72 |       ||    72
         Tailslap          |     8 |     8 ||    16
         Flail             |       |    70 ||    70
 Invoke: Berserk           |     1 |     1 ||     2
         Trog's Hand       |       |     1 ||     1
    Use: Scroll            |     2 |     3 ||     5
         Potion            |       |     1 ||     1
 Armour: Animal skin       |    45 |     9 ||    54
         Chain mail        |       |   114 ||   114
  Dodge: Dodged            |    44 |    45 ||    89
  Block: Buckler           |     8 |    20 ||    28

Table legend: (Time is in decaauts)
 A = Elapsed time spent in this place.
 B = Non-inter-level travel time spent in this place.
 C = Inter-level travel time spent in this place.
 D = Time resting spent in this place.
 E = Time spent auto-exploring this place.
 F = Levels seen in this place.
 G = Mean time per level.
                   A        B        C        D        E       F      G
               +--------+--------+--------+--------+--------+-----+--------+
         Total |   2016 |   2016 |      0 |    159 |   1445 |   3 |  672.0 |
       Dungeon |   2016 |   2016 |      0 |    159 |   1445 |   3 |  672.0 |
               +--------+--------+--------+--------+--------+-----+--------+

Top non-repeatable levels by time:
     D:2: 1201 daAuts
     D:1: 793 daAuts
     D:3: 21 daAuts
